 Dungeon Crawl Stone Soup version 0.23.1-37-gaa34b87 (console) character file.

Game seed: 4094768604631103677

78 fly the Magician (level 4, -3/27 HPs)
             Began as an Octopode Fire Elementalist on Mar 23, 2019.
             Slain by Sigmund
             ... wielding a +2 scythe of flaming
              (5 damage)
             ... on level 3 of the Dungeon.
             The game lasted 00:04:07 (1667 turns).

fly the Magician (Octopode Fire Elementalist)       Turns: 1667, Time: 00:04:08

Health: -3/27      AC:  3    Str:  7    XL:     4   Next: 36%
Magic:  1/8        EV: 13    Int: 18    God:
Gold:   56         SH:  0    Dex: 12    Spells: 2/9 levels left

rFire    . . .     SeeInvis .   (no weapon)
rCold    . . .     Gourm    .   (no shield)
rNeg     . . .     Faith    .   (helmet restricted)
rPois    .         Spirit   .   (no amulet)
rElec    .         Reflect  .   j - +2 ring of protection
rCorr    .         Harm     .   (no ring)
MR       .....                  (no ring)
Stlth    +++.......             (no ring)
HPRegen  0.09/turn              (no ring)
MPRegen  0.11/turn              (no ring)
                                (no ring)
                                (no ring)

@: no status effects
A: almost no armour, stealthy swim, amphibious, 8 rings, constrict 8, camouflage
1, gelatinous body 1
a: no special abilities


You were on level 3 of the Dungeon.
You were very hungry.

You visited 1 branch of the dungeon, and saw 3 of its levels.

You collected 56 gold pieces.

Inventory:

Jewellery
 j - a +2 ring of protection (left tentacle)
Scrolls
 a - 2 scrolls of identify {unknown}
 c - 2 scrolls of enchant weapon {unknown}
 d - a scroll of enchant armour {unknown}
 e - a scroll of magic mapping {unknown}
 i - a scroll of teleportation {unknown}
Potions
 f - a potion of resistance {unknown}
 g - 2 potions of might {unknown}
 h - a potion of mutation {unknown}
 k - a potion of berserk rage {unknown}
Comestibles
 b - 5 rations


   Skills:
 + Level 2.1 Dodging
 - Level 2.6 Stealth
 - Level 3.1 Spellcasting
 - Level 3.0 Conjurations
 - Level 3.0 Fire Magic


You had 2 spell levels left.
You knew the following spells:

 Your Spells              Type           Power        Failure   Level  Hunger
c - Conjure Flame         Conj/Fire      ##......     14%         3    ###....
n - Inner Flame           Hex/Fire       #.......     26%         3    ###....
z - Flame Tongue          Conj/Fire      ##...        4%          1    None

Your spell library contained the following spells:

 Spells                   Type           Power        Failure   Level  Hunger
 Throw Flame              Conj/Fire      ##....       7%          2    ##.....
 Sticky Flame             Conj/Fire      ##......     43%         4    ####...
 Fireball                 Conj/Fire      ##........   78%         5    ######.


Dungeon Overview and Level Annotations

Branches:
Dungeon (3/15)

Altars:
Trog
Zin
The Shining One

Annotations:
D:3 Sigmund


Innate Abilities, Weirdness & Mutations

You cannot wear most types of armour.
You are very stealthy in the water. (Stealth+)
You are amphibious.
You can wear up to eight rings at the same time.
You can use your tentacles to constrict eight enemies at once.
Your skin changes colour to match your surroundings (Stealth+).
Your rubbery body absorbs attacks. (AC +1, EV +1)


Message History

The rat bites you.
Casting: Flame Tongue (safe; 4% risk of failure)
Confirm with . or Enter, or press ? or * to list all spells.
Aiming: Inner Flame (safe; 26% risk of failure)
Press: ? - help, Shift-Dir - straight line, f/p - rat
Aim: a rat (chance to defeat MR: 71%)
The rat is filled with an inner flame.
The orc wizard casts a cantrip, but nothing happens.
Your magical contamination has completely faded away.
The orc wizard miscasts a cantrip.
The orc wizard begins to cast a cantrip, but forgets the words!
The rat bites you but does no damage. The orc wizard closely misses you.
The orc wizard casts a spell at you. The puff of frost hits you!
Something hits you. Something burns you.
The orc wizard hits you with a +0 dagger.
Something hits you!
* * * LOW HITPOINT WARNING * * *
Something burns you.
You die...

####.######..# #)#
#. #..# #.#
#.######†.# .#
#.........#
#.#######.# #.# #
#####.###### #.
#.r.{......#
#.###o#o@......# #.
...#.#...###..# #. #
##.#.......#..# #.
#.##...............
#.
#....%#.......#..###
.#######.#.#....###
.# #....>...##.#...#
# #.#####..........#
#.$......##.####.#


You could see an orc wizard and a rat (inner flame).

Vanquished Creatures
  2 adders (D:2)
  3 dart slugs
  2 orcs
  10 bats
  2 giant cockroaches
  4 goblins
  7 hobgoblins
  3 jackals (D:2)
  A ball python (D:1)
  7 frilled lizards
  7 kobolds
  A rat (D:1)
49 creatures vanquished.

Notes
Turn   | Place    | Note
-------+----------+-------------------------------------------
     0 | D:1      | fly the Octopode Fire Elementalist began the quest for the
                  | Orb.
     0 | D:1      | Reached XP level 1. HP: 11/11 MP: 3/3
   151 | D:1      | Reached XP level 2. HP: 17/17 MP: 1/5
   526 | D:1      | Reached XP level 3. HP: 21/21 MP: 1/6
  1225 | D:2      | Reached XP level 4. HP: 20/27 MP: 2/8
  1306 | D:2      | Found a glowing silver altar of Zin.
  1306 | D:2      | Found a glowing golden altar of the Shining One.
  1307 | D:2      | Found a bloodstained altar of Trog.
  1484 | D:3      | Noticed Sigmund
  1510 | D:3      | Learned a level 3 spell: Conjure Flame
  1514 | D:3      | Learned a level 3 spell: Inner Flame
  1667 | D:3      | Slain by Sigmund

Skill      XL: |  1  2  3  4 |
---------------+-------------+-----
Conjurations   | 2 3 |  3.0
Spellcasting   | 3 |  3.1
Dodging        | |  2.1
Stealth        | |  2.6
Fire Magic     | |  3.0

Action                   |  1- 3 |  4- 6 || total
-------------------------+-------+-------++-------
Melee: Unarmed           |    14 |     1 ||    15
       Constrict         |     5 |     1 ||     6
       Tentacles         |     3 |       ||     3
 Cast: Flame Tongue      |    57 |    12 ||    69
       Inner Flame       |       |     3 ||     3
  Eat: Chunk             |     2 |       ||     2
Armor: Skin              |     5 |     6 ||    11
Dodge: Dodged            |    26 |     8 ||    34
